Unix NetHack Version 5.0.0-0 post-release - last build May 17 2026 04:57:42 (dc50c8380fa5e20985bfe3072449f57b8d9895ef,branch:main).

Game began 2026-05-20 12:04:35, ended 2026-05-20 12:16:15.

Ch3Begorrah, chaotic male human Rogue

                      |                 -------
                      ...$...     B@#   |.....|
                      ------        d#  |.....+
                                     ###......|
                                        |.....-
                                        |<....|
                                        |{....|
                                        -------

Ch3Begorrah the Cutpurse  St:14 Dx:18 Co:14 In:11 Wi:12 Ch:9  Chaotic
Dlvl:4  $:4  HP:0(21) Pw:11(11) AC:5  Xp:3 T:1392 

Latest messages:
 You see here a goblin corpse.
 You descend the stairs.
 You hit the gnome lord.
 The gnome lord hits!
 You climb up the stairs.
 The gecko bites!
 You miss the gecko.
 You kill the gecko!
 You descend the stairs.
 What do you want to drop? [$a-gj-np-uwD-H or ?*] B
 You don't have that object.
 What do you want to drop? [$a-gj-np-uwD-H or ?*] ?
 You drop 8 +0 daggers.
 b - 8 +0 daggers (9 in total).
 What do you want to take off? [cj or ?*] j
 You finish taking off your helm.
 What do you want to read? [nG or ?*] ?
 As you read the scroll, it disappears.
 You feel like someone is helping you.
 What do you want to wear? [jq or ?*] ?
 You finish your dressing maneuver.
 Something is written here in the dust.
 You read: "E||?r?th".
 You swap places with your little dog.
 You see here a rock.
 You descend the stairs.
 The little dog bites it.
 It misses the little dog.
 The little dog misses the homunculus.
 The giant bat bites!
 The giant bat bites!
 You have no ammunition readied.
 What do you want to fire? [$abkF or ?*] <esc>
 Never mind.
 What do you want to ready? [$abkF or ?*] b
 You are wielding 9 daggers.  Ready 8 of them? [ynq] (q) y
 I - 8 +0 daggers (at the ready).
 In what direction? h
 You throw 2 daggers.
 The 1st dagger hits the giant bat.
 The 2nd dagger hits the giant bat.
 The giant bat bites!
 In what direction? h
 The dagger hits it.
 The giant bat bites!
 In what direction? h
 The dagger hits the giant bat.
 The giant bat bites!
 You die...
 Do you want your possessions identified? [ynq] (y) q

Inventory:
 Coins    ('$')
  $ - 4 gold pieces
 Weapons  (')')
  t - 9 +0 arrows
  b - a +0 dagger (weapon in left hand)
  I - 4 +0 daggers (at the ready)
  k - a +0 orcish dagger
  a - a +0 short sword (alternate weapon; not wielded)
  F - a +0 trident
 Armor    ('[')
  j - an uncursed +1 orcish helm (being worn)
  q - an uncursed +0 orcish helm
  c - an uncursed +1 leather armor (being worn)
  r - an uncursed +0 leather jacket
 Comestibles  ('%')
  m - an uncursed food ration
  s - an uncursed lembas wafer
  l - 2 uncursed lichen corpses
 Spellbooks  ('+')
  G - an uncursed spellbook of create monster
 Potions  ('!')
  d - an uncursed potion of sickness
 Tools    ('(')
  f - an uncursed sack containing 1 item
  g - an uncursed blindfold
  D - an uncursed blindfold
  e - an uncursed lock pick named D-
  E - an uncursed pair of lenses
 Gems/Stones  ('*')
  u - an uncursed worthless piece of blue glass
  w - an uncursed worthless piece of blue glass
  p - an uncursed worthless piece of yellowish brown glass

Contents of the sack:
  4 uncursed potions of water named Unc

Ch3Begorrah the Rogue's attributes:

Background:
 You were a Cutpurse, a level 3 male human Rogue.
 You were chaotic, nominally on a mission for Kos
 who was opposed by Issek (lawful) and Mog (neutral).
 You were left-handed.
 You were in the Dungeons of Doom, on level 4.
 You entered the dungeon 1392 turns ago.
 You had 69 experience points, 11 more were needed to attain level 4.

Basics:
 You had 0 out of 21 hit points.
 You had all 11 energy points (spell power).
 Your armor class was 5.
 Your wallet contained 4 zorkmids.
 Autopickup was on for '$!/(' plus thrown, with exceptions.

Final Characteristics:
 Your strength was 14 (limit:18/100).
 Your dexterity was 18 (limit:18).
 Your constitution was 14 (limit:18).
 Your intelligence was 11 (limit:18).
 Your wisdom was 12 (limit:18).
 Your charisma was 9 (limit:18).

Final Status:
 You weren't hungry.
 You were unencumbered.
 You were wielding a dagger.
 You had basic skill with dagger.

Final Attributes:
 You were devoutly aligned.
 You were stealthy.
 You were warded.
 You are dead.

Miscellaneous:
 You didn't encounter any bones levels.
 Total elapsed playing time was 11 minutes and 39 seconds.

Major events:
 Turn
    1: Ch3Begorrah the chaotic male human Rogue entered the dungeon
  471: entered the Gnomish Mines
  857: attained the rank of Cutpurse (level 3)
 1392: killed by a giant bat

You didn't know any spells.

Skills:
 Fighting Skills
   bare handed combat [Unskilled]
   two weapon combat  [Unskilled]
   riding             [Unskilled]
 Weapon Skills
   dagger             [Basic]
   knife              [Unskilled]
   short sword        [Basic]
   broadsword         [Unskilled]
   long sword         [Unskilled]
   two-handed sword   [Unskilled]
   saber              [Unskilled]
   club               [Unskilled]
   mace               [Unskilled]
   morning star       [Unskilled]
   flail              [Unskilled]
   hammer             [Unskilled]
   polearms           [Unskilled]
   spear              [Unskilled]
   crossbow           [Unskilled]
   dart               [Unskilled]
   shuriken           [Unskilled]
 Spellcasting Skills
   divination spells  [Unskilled]
   escape spells      [Unskilled]
   matter spells      [Unskilled]

Voluntary challenges:
 Character rerolling was not enabled.
 You followed a strict vegan diet.
 You were an atheist.
 You never genocided any monsters.
 You never polymorphed an object.
 You never changed form.
 You used no wishes.
Achievements:
 You entered the Gnomish Mines.
 You entered a shop.
 You attained the rank of Cutpurse.

 The Dungeons of Doom: levels 1 to 4
    Level 1:
    Level 2:
       A general store, a grave.
       Stairs down to The Gnomish Mines.
    Level 3:
       A food shop, a fountain.
    Level 4: <- You were here.
       A fountain.
       Final resting place for
          you, killed by a giant bat.
 The Gnomish Mines:
    Level 3:


Vanquished creatures:
  a giant bat
  a coyote
  2 giant rats
  a yellow mold
  a gnome zombie
  a gecko
  a jackal
  a fox
  3 goblins
  4 sewer rats
  7 grid bugs
  3 lichens
  a kobold zombie
  2 newts
29 creatures vanquished.

No species were genocided or became extinct.

Game over:
                       ----------
                      /          \
                     /    REST    \
                    /      IN      \
                   /     PEACE      \
                  /                  \
                  |   Ch3Begorrah    |
                  |       4 Au       |
                  |   killed by a    |
                  |    giant bat     |
                  |                  |
                  |                  |
                  |       2026       |
                 *|     *  *  *      | *
        _________)/\\_//(\/(/\)/\//\/|_)_______

Goodbye Ch3Begorrah the Rogue...

You died in The Dungeons of Doom on dungeon level 4 with 470 points,
and 4 pieces of gold, after 1392 moves.
You were level 3 with a maximum of 21 hit points when you died.

